cohdb
Replays
Latest Replays
All Replays
Popular Replays
Top Player Replays
Match Explorer
How It Works
Community
CoH3 Stats
Reddit
Sign in to upload your games and track your stats! →
Sign in with Steam
Match 45789069
Unlisted
Match 45789069
Overview
Messages
Build Orders
End
Kradschützen Motorcycle Team
Kradschützen Motorcycle Team
Panzergrenadier Squad
Panzergrenadier Squad
Construct Light Support Kompanie
MG34 Team
MG34 Team
Assault Mechanized Group
Selects Italian Infantry
Selects Guastatori Squad
Fire Support Elements
Selects Defensive Operations
Pak 38 Anti-tank Gun Team
Guastatori Squad
Construct Panzerarmee Kommand
Panzer III L Medium Tank
Selects Registered Artillery
Selects Towed Cannone da 105/28 Field Howitzer
Veteran Squad Leaders
Vehicle Survival Package
Registered Artillery
Towed Cannone da 105/28 Field Howitzer
Armored Reserves
Registered Artillery
Emergency Repair Kits
Rapid Advance
Tungsten Core Ammunition
Advanced Optics
Lergen
Max1boy
0
0
Comments
sign in to comment!
No comments posted yet!